Map: Winter's Gate LE

Players

Djorn - Winner!

  • Race: Protoss Protoss
  • Spawn Location: 5:00

A.I. 1 (Very Easy)

  • Race: Zerg Zerg
  • Spawn Location: 11:00

VOD

Have the link to the VOD?

Description

Time

  • Played on: Aug. 22, 2019, 8:31 p.m.
  • Length: 5:08
Show
View Real Time Build Order
Export as new Build Order

Djorn Protoss - Winner!

Build Orders:  

Get SALT Encoding   

  12  0:03  Probe  
  13  0:16  Probe  
  14  0:26  Pylon  
  14  0:29  Probe  
  15  0:44  Probe  
  16  0:54  Gateway, Probe  
  16  1:02  Probe  
  18  1:12  Probe  
  19  1:20  Assimilator  
  19  1:22  Assimilator  
  19  1:24  Probe  
  20  1:36  Probe  
  21  2:00  Cybernetics Core  
  21  2:06  Gateway, Probe  
  22  2:13  Pylon  
  22  2:18  Probe  
  23  2:31  Probe  
  23  2:35  Warp Gate, Adept  
  24  2:43  Probe  
  27  2:47  Adept  
  27  2:55  Probe  
  30  3:13  Twilight Council  
  30  3:19  Gateway  
  30  3:22  Pylon  
  30  3:30  Probe  
  31  3:36  Pylon  
  31  3:39  Adept x2  
  35  4:09  Adept x2  
Show
View Real Time Build Order
Export as new Build Order

A.I. 1 (Very Easy) Zerg 

Build Orders: Pool Only 

Get SALT Encoding   

  12  0:00  Drone  
  13  0:12  Overlord  
  13  0:16  Drone  
  14  0:34  Spawning Pool  
  13  0:37  Drone  
  13  0:40  Extractor  
  13  0:44  Drone  
  14  0:52  Overlord  
  14  1:21  Zergling x2  
  14  1:22  Queen  
  17  1:30  Roach Warren  
  16  1:33  Drone  
  16  1:37  Extractor  
  16  1:41  Drone  
  16  1:42  Zergling x2  
  18  1:55  Drone  
  19  2:03  Zergling x2  
  19  2:05  Drone  
  21  2:16  Drone  
  22  2:27  Drone  
  22  2:28  Overlord  
  23  2:34  Drone  
  24  2:41  Drone  
Tags
 
Matchup
PvZ
Opening
Pool Only
Replay Pack
sc2replays
Spawn Locations
Cross Positions
Add a new tag
Caveats
  • Supply blocks, unpowered buildings, or Contaminate may cause inaccurate times.
  • Supply counts are checked every 10 seconds.